 Dungeon Crawl Stone Soup version 0.19.1-1-g22dce08 (webtiles) character file.

12071 Megalobster the Infuser (level 11, -8/70 HPs)
             Began as a Deep Elf Conjurer on Jan 15, 2017.
             Was a Priest of Vehumet.
             Mangled by an eight-headed hydra (13 damage)
             ... on level 3 of the Lair of Beasts.
             The game lasted 01:15:01 (12563 turns).

Megalobster the Infuser (Deep Elf Conjurer)        Turns: 12563, Time: 01:15:06

Health: -8/70      AC:  8    Str: 13    XL:     11   Next: 57%
Magic:  17/27      EV: 18    Int: 25    God:    Vehumet [***...]
Gold:   348        SH:  0    Dex: 17    Spells: 9 memorised, 6 levels left

rFire  + + .     SeeInvis .     K - +9 quarterstaff "Ofont" {freeze, Fragile rF+ rC+ Str+7}
rCold  + . .     Gourm    .     T - +1 robe "Nuaxt" {*Contam rPois rC+ Int+2} (curse)
rNeg   . . .     Faith    .     (shield currently unavailable)
rPois  +         Spirit   .     C - +0 helmet
rElec  .         Reflect  .     v - +0 cloak
rCorr  .         Harm     .     (no gloves)
MR     +....                    c - +0 pair of boots
Stlth  ++........               r - amulet of magic regeneration
                                P - ring of fire
                                (no ring)

@: no status effects
A: yellow scales 1, agile 1, robust 1, evolution 1
a: Renounce Religion


You were on level 3 of the Lair of Beasts.
You worshipped Vehumet.
Vehumet was most pleased with you.
You were not hungry.

You visited 3 branches of the dungeon, and saw 13 of its levels.

You collected 685 gold pieces.
You spent 337 gold pieces at shops.

Inventory:

Hand Weapons
 a - a +1 trident of freezing
 u - a +4 quarterstaff of chaos
 K - the +9 quarterstaff "Ofont" (weapon) {freeze, Fragile rF+ rC+ Str+7}
   (You found it on level 7 of the Dungeon)

   It has been specially enchanted to freeze those struck by it, causing extra
   injury to most foes and up to half again as much damage against particularly
   susceptible opponents.
   It can also slow down cold-blooded creatures.
   It affects your strength (+7).
   It protects you from fire.
   It protects you from cold.
   It will be destroyed if unequipped.
Armour
 c - a +0 pair of boots (worn)
 v - a +0 cloak (worn)
 x - a +0 robe
 C - a +0 helmet (worn)
 T - the cursed +1 robe "Nuaxt" (worn) {*Contam rPois rC+ Int+2}
   (You bought it in a shop on level 8 of the Dungeon)

   It affects your intelligence (+2).
   It protects you from cold.
   It protects you from poison.
   It causes magical contamination when unequipped.
   It has a curse placed upon it.
Jewellery
 e - an uncursed amulet of regeneration
 r - an amulet of magic regeneration (around neck)
 P - a ring of fire (right hand)
Wands
 g - a wand of flame (14/48)
 s - a wand of flame (9/48)
 S - a wand of digging (6/24)
 X - a wand of disintegration (9/24)
Scrolls
 i - a scroll of enchant armour
 j - 2 scrolls of identify
 k - 4 scrolls of enchant weapon
 l - 3 scrolls of immolation
 n - 3 scrolls of fog
 p - 2 scrolls of amnesia {unknown}
 w - 2 scrolls of blinking {unknown}
 y - 3 scrolls of remove curse
 I - a scroll of noise {unknown}
 J - 2 scrolls of random uselessness {unknown}
 L - a scroll of recharging {unknown}
 W - 2 scrolls of teleportation
Potions
 d - 2 potions of invisibility
 f - 4 potions of curing
 h - a potion of might {unknown}
 m - a potion of resistance {unknown}
 t - a potion of lignification {unknown}
 A - a potion of mutation {unknown}
 B - 2 potions of magic
 E - a potion of beneficial mutation {unknown}
 F - 6 potions of heal wounds
 M - a potion of brilliance
 R - 3 potions of agility
 U - a potion of cure mutation {unknown}
 Z - a potion of haste {unknown}
Books
 b - a book of Geomancy

   Spells                             Type                      Level
   a - Sandblast                      Earth                        1
   b - Passwall                       Transmutation/Earth          2
   c - Stone Arrow                    Conjuration/Earth            3
   d - Petrify                        Transmutation/Earth          4
   e - Lee's Rapid Deconstruction     Earth                        5
 o - a book of the Tempests

   Spells                             Type                      Level
   a - Static Discharge               Conjuration/Air              3
   b - Lightning Bolt                 Conjuration/Air              5
   c - Fireball                       Conjuration/Fire             5
   d - Tornado                        Air                          9
   e - Shatter                        Earth                        9
 V - a book of Changes

   Spells                             Type                      Level
   a - Beastly Appendage              Transmutation                1
   b - Sticks to Snakes               Transmutation                2
   c - Spider Form                    Transmutation/Poison         3
   d - Ice Form                       Ice/Transmutation            4
   e - Blade Hands                    Transmutation                5
Miscellaneous
 q - a box of beasts
Comestibles
 D - a beef jerky
 G - 2 meat rations
 H - 8 slices of pizza
 Q - 2 bread rations


   Skills:
 + Level 5.3 Fighting
 + Level 6.1 Staves
 + Level 8.4 Dodging
 - Level 2.4 Stealth
 * Level 10.5 Spellcasting
 + Level 9.9 Conjurations
 - Level 2.6 Hexes
 + Level 11.1 Charms
 + Level 3.7 Fire Magic
 + Level 3.6 Ice Magic


You had 6 spell levels left.
You knew the following spells:

 Your Spells              Type           Power        Failure   Level  Hunger
a - Magic Dart            Conj           ####         1%          1    None
b - Searing Ray           Conj           ######       1%          2    None
c - Dazzling Spray        Conj/Hex       #####.       1%          3    None
d - Iskenderun's Battles  Conj/Chrm      ######..     1%          5    ####...
e - Iskenderun's Mystic   Conj           ######..     1%          4    None
f - Fulminant Prism       Conj/Hex       #####.....   1%          4    None
g - Freeze                Ice            ####         1%          1    None
h - Throw Frost           Conj/Ice       #####.       1%          2    None
i - Ignite Poison         Fire/Tmut/Pois ####....     3%          3    None


Dungeon Overview and Level Annotations

Branches:
Dungeon (9/15)             Temple (1/1) D:6            Lair (3/6) D:9
    Orc (0/2) D:9
  Swamp: Lair:2-4    Shoals: Lair:2-4     Snake: Lair:2-4    Spider: Lair:2-4

Altars:
Ashenzari
Cheibriados
Dithmenos
Elyvilon
Fedhas
Gozag
Hepliaklqana
Kikubaaqudgha
Makhleb
Nemelex Xobeh
Okawaru
Qazlal
Ru
Sif Muna
Trog
Uskayaw
Vehumet
Xom
Yredelemnul
Zin
The Shining One

Shops:
D:4 !   D:6 :   D:7 =***!   D:8 [}*}!


Innate Abilities, Weirdness & Mutations

You are partially covered in yellow scales. (AC +2)
You are agile. (Dex +2)
You are robust. (+10% HP)
You evolve.


Message History

The eight-headed hydra misses you.
The eight-headed hydra bites you but does no damage.
The searing ray hits the eight-headed hydra.
The eight-headed hydra is severely wounded.
The eight-headed hydra closely misses you.
The eight-headed hydra barely misses you. x2
The eight-headed hydra bites you!
The eight-headed hydra closely misses you.
The eight-headed hydra bites you!
The eight-headed hydra bites you but does no damage.
The eight-headed hydra bites you!
* * * LOW HITPOINT WARNING * * *
The searing ray hits the eight-headed hydra.
The eight-headed hydra is almost dead.
You finish channeling your searing ray.
The eight-headed hydra misses you. The eight-headed hydra bites you!
* * * LOW HITPOINT WARNING * * *
The eight-headed hydra bites you but does no damage.
The eight-headed hydra bites you!
You die...

. ...
...[ยง####
.......@#
.......D#
.......?.
..........
...........
#.#...<....$
# ...........
####.....>...


You could see an eight-headed hydra.

Vanquished Creatures
  The ghost of theAP the Carver, a novice HOFi of Beogh (D:5)
  Pikel (D:7)
  Maurice (D:8)
  2 molten gargoyles (Lair:2)
  6 spiny frogs
  2 komodo dragons
  A rime drake (Lair:2)
  2 trolls (D:9)
  Prince Ribbit (Lair:1)
  5 blink frogs
  4 hippogriffs
  2 wyverns (D:8)
  5 yaks (Lair:2)
  A human (D:8)
  A hungry ghost (D:9)
  3 water moccasins (Lair:2)
  Duvessa (D:4)
  A porcupine (Lair:2)
  3 orc warriors
  A sky beast (D:8)
  2 ice beasts (D:6)
  A slave (D:7)
  2 phantoms
  A black bear (D:7)
  An ogre (D:8)
  3 centaurs
  5 crocodiles
  A big kobold (D:8)
  7 bullfrogs
  Dowan (D:4)
  2 scorpions
  An electric eel (Lair:2)
  A howler monkey (D:8)
  6 crimson imps
  2 bullfrog zombies
  2 hounds
  A quasit (Temple)
  Crazy Yiuf (D:2)
  2 orc priests
  3 jellies
  2 bullfrog skeletons
  A centaur skeleton (D:8)
  Terence (D:2)
  Ijyb (D:2)
  2 iguanas (D:8)
  3 orc wizards
  9 worker ants
  A hound skeleton (D:4)
  Robin (D:3)
  3 gnolls (D:2)
  9 adders
  3 river rats (D:9)
  A shadow imp (D:7)
  2 oozes
  An adder zombie (D:5)
  An adder skeleton (D:5)
  5 dart slugs
  6 leopard geckos
  12 orcs
  5 giant cockroaches
  12 goblins
  18 hobgoblins
  6 jackals
  3 quokkas
  16 bats
  3 frilled lizards
  A giant cockroach zombie (D:4)
  13 kobolds
  20 rats
250 creatures vanquished.

Vanquished Creatures (others)
  2 slaves (D:7)
  2 orc wizards (D:7)
  2 orcs (D:7)
  10 fulminant prisms
  A fungus (D:9)
17 creatures vanquished.

Grand Total: 267 creatures vanquished

Notes
Turn   | Place    | Note
-------+----------+-------------------------------------------
     0 | D:1      | Megalobster the Deep Elf Conjurer began the quest for the Orb.
     0 | D:1      | Reached XP level 1. HP: 10/10 MP: 6/6
   270 | D:1      | Reached XP level 2. HP: 15/15 MP: 1/8
   274 | D:1      | Learned a level 2 spell: Searing Ray
   441 | D:1      | Reached skill level 5 in Conjurations
   835 | D:1      | Reached XP level 3. HP: 15/19 MP: 4/9
  1193 | D:2      | Noticed Terence
  1217 | D:1      | Learned a level 3 spell: Dazzling Spray
  1351 | D:2      | Reached XP level 4. HP: 21/24 MP: 9/11
  1455 | D:2      | Noticed Ijyb
  1462 | D:2      | Killed Ijyb
  1821 | D:2      | Found a deep blue altar of Sif Muna.
  1875 | D:2      | Killed Terence
  1875 | D:2      | Reached XP level 5. HP: 28/28 MP: 4/13
  1887 | D:2      | Learned a level 5 spell: Iskenderun's Battlesphere
  2044 | D:2      | Found a runed door.
  2048 | D:2      | Noticed Crazy Yiuf
  2053 | D:2      | Killed Crazy Yiuf
  2053 | D:2      | Reached skill level 1 in Charms
  2324 | D:3      | Found a hide-covered altar of Uskayaw.
  2450 | D:3      | Noticed Robin
  2491 | D:3      | Killed Robin
  2654 | D:3      | Reached skill level 2 in Charms
  3037 | D:3      | Reached skill level 5 in Spellcasting
  3297 | D:3      | Reached XP level 6. HP: 32/32 MP: 10/15
  3443 | D:4      | Reached skill level 1 in Staves
  3706 | D:4      | Noticed Duvessa
  3706 | D:4      | Noticed Dowan
  3718 | D:4      | Killed Duvessa
  3718 | D:4      | Reached skill level 1 in Fighting
  3718 | D:4      | Reached skill level 3 in Charms
  3721 | D:4      | Killed Dowan
  3721 | D:4      | Reached XP level 7. HP: 2/38 MP: 2/17
  4042 | D:4      | You fall through a shaft for 3 floors!
  4051 | D:6      | Found a staircase to the Ecumenical Temple.
  4058 | Temple   | Entered the Ecumenical Temple
  4244 | D:5      | Entered Level 5 of the Dungeon
  4256 | D:5      | Reached skill level 4 in Charms
  4295 | D:5      | Noticed theAP's ghost (novice HOFi)
  4602 | D:6      | Reached skill level 5 in Charms
  4684 | D:6      | Found Ciycar's Book Shop.
  4882 | D:5      | Reached XP level 8. HP: 30/44 MP: 4/19
  4995 | D:5      | Found a shattered altar of Ashenzari.
  5501 | D:4      | Learned a level 4 spell: Iskenderun's Mystic Blast
  5506 | D:4      | Learned a level 4 spell: Fulminant Prism
  5552 | D:4      | Found Bemmycw's Distillery.
  6035 | D:5      | Killed theAP's ghost
  6035 | D:5      | Reached skill level 5 in Dodging
  6035 | D:5      | Reached skill level 7 in Charms
  6209 | D:5      | Found a shadowy altar of Dithmenos.
  6257 | D:5      | Found a sacrificial altar of Ru.
  6331 | D:5      | Found an iron altar of Okawaru.
  6583 | D:6      | Found a shadowy altar of Dithmenos.
  6708 | D:6      | Reached XP level 9. HP: 50/50 MP: 12/21
  6832 | D:6      | Found a radiant altar of Vehumet.
  6836 | D:6      | Became a worshipper of Vehumet
  7189 | D:7      | Got a fine quarterstaff
  7190 | D:7      | Identified the +9 quarterstaff "Ofont" {freeze, Fragile rF+ rC+ Str+7} (You found it on level 7 of the Dungeon)
  7195 | D:7      | Found Zebbid's Distillery.
  7204 | D:7      | Bought a potion of brilliance for 48 gold pieces
  7204 | D:7      | Bought a potion of curing for 36 gold pieces
  7372 | D:7      | Found Saduphy's Assorted Antiques.
  7390 | D:7      | Found Ilerr's Assorted Antiques.
  7480 | D:7      | Noticed Pikel
  7515 | D:7      | Killed Pikel
  7515 | D:7      | Reached skill level 8 in Charms
  7854 | D:7      | Found Demminu's Assorted Antiques.
  7884 | D:7      | Found Naoll's Jewellery Emporium.
  8103 | D:8      | Reached skill level 9 in Charms
  8190 | D:8      | Found Giogot's Assorted Antiques.
  8249 | D:8      | Gained mutation: You evolve. [mutagenic meat]
  8252 | D:8      | Gained mutation: You are partially covered in yellow scales. (AC +2) [mutagenic meat]
  8253 | D:8      | Gained mutation: You are dopey. (Int -2) [mutagenic meat]
  8254 | D:8      | Gained mutation: You are agile. (Dex +2) [mutagenic meat]
  8307 | D:8      | Reached * piety under Vehumet
  8307 | D:8      | Offered knowledge of Freeze by Vehumet.
  8310 | D:8      | Learned a level 1 spell: Freeze
  8440 | D:8      | Found Koupaink's Gadget Shoppe.
  8455 | D:8      | Lost mutation: You are dopey. (Int -2) [evolution]
  8539 | D:8      | Reached XP level 10. HP: 56/56 MP: 15/24
  8663 | D:8      | Noticed Maurice
  8675 | D:8      | Killed Maurice
  8675 | D:8      | Reached skill level 10 in Charms
  8749 | D:8      | Found Pop Baip's Distillery.
  8933 | D:8      | Found Butan's Armour Boutique.
  8936 | D:8      | Bought the cursed +1 robe "Nuaxt" {*Contam rPois rC+ Int+2} for 253 gold pieces
  9120 | D:8      | Found Yrghoguf's Gadget Emporium.
  9157 | D:8      | Reached skill level 1 in Hexes
  9163 | D:8      | Reached ** piety under Vehumet
  9163 | D:8      | Offered knowledge of Throw Frost by Vehumet.
  9180 | D:8      | Learned a level 2 spell: Throw Frost
  9533 | D:9      | Reached skill level 5 in Staves
  9703 | D:9      | Offered knowledge of Ignite Poison by Vehumet.
  9716 | D:9      | Reached skill level 1 in Ice Magic
  9893 | D:8      | Learned a level 3 spell: Ignite Poison
 10119 | D:9      | Gained mutation: You are robust. (+10% HP) [evolution]
 10150 | D:9      | Found a staircase to the Lair.
 10192 | D:9      | Found a staircase to the Orcish Mines.
 10278 | D:9      | Found a shimmering altar of Xom.
 10331 | D:9      | Found a sparkling altar of Nemelex Xobeh.
 10520 | Lair:1   | Entered Level 1 of the Lair of Beasts
 10607 | Lair:1   | Noticed a spiny frog
 10612 | Lair:1   | Killed a spiny frog
 10633 | Lair:1   | Reached skill level 1 in Fire Magic
 10816 | Lair:1   | Noticed a spiny frog
 10821 | Lair:1   | Killed a spiny frog
 10996 | Lair:1   | Noticed Prince Ribbit
 11006 | Lair:1   | Killed Prince Ribbit
 11006 | Lair:1   | Reached *** piety under Vehumet
 11449 | Lair:2   | Reached XP level 11. HP: 68/68 MP: 18/26
 11606 | Lair:2   | Reached skill level 5 in Fighting
 11776 | Lair:2   | Reached skill level 10 in Spellcasting
 11925 | Lair:2   | Reached skill level 11 in Charms
 12555 | Lair:3   | Noticed an eight-headed hydra
 12563 | Lair:3   | Mangled by an eight-headed hydra

Skill      XL: |  1  2  3  4  5  6  7  8  9 10 11 |
---------------+----------------------------------+-----
Conjurations   | 5 6 7 8 9 |  9.9
Spellcasting   | 4 5 6 7 8 9 10 | 10.5
Charms         | 2 3 5 7 9 10 11 | 11.1
Staves         | 1 2 3 4 5 6 |  6.1
Dodging        | 3 4 5 6 7 8 |  8.4
Fighting       | 1 3 4 5 |  5.3
Hexes          | 2 |  2.6
Ice Magic      | 2 3 |  3.6
Fire Magic     | 2 3 |  3.7
Stealth        | |  2.4

Action                   |  1- 3 |  4- 6 |  7- 9 | 10-12 || total
-------------------------+-------+-------+-------+-------++-------
Melee: Spear             |     9 |       |       |       ||     9
       Quarterstaff      |       |     6 |    17 |     8 ||    31
 Cast: Magic Dart        |    53 |    66 |   124 |   160 ||   403
       Searing Ray       |     5 |    18 |    35 |    13 ||    71
       Iskenderun's Batt |       |       |    12 |    30 ||    42
       Iskenderun's Myst |       |       |     5 |     2 ||     7
       Fulminant Prism   |       |       |     2 |     8 ||    10
       Freeze            |       |       |       |    12 ||    12
       Throw Frost       |       |       |       |     5 ||     5
Evoke: Wand              |       |     8 |     6 |     1 ||    15
  Use: Scroll            |       |     2 |     4 |     8 ||    14
 Stab: Paralysed         |       |       |     1 |       ||     1
  Eat: Chunk             |     1 |     2 |     9 |     8 ||    20
       Bread ration      |       |     1 |     2 |     2 ||     5
       Beef jerky        |       |     1 |       |     1 ||     2
       Royal jelly       |       |       |     1 |       ||     1
       Fruit             |       |       |     3 |       ||     3
Armor: Robe              |     2 |     2 |    24 |     9 ||    37
       Animal skin       |       |     3 |       |       ||     3
Dodge: Dodged            |    13 |    20 |    83 |    49 ||   165
